 Dungeon Crawl Stone Soup version 0.30.0-29-ga12c61a403 (webtiles) character file.

Game seed: 4401496530989684880

847 AIAndy the Magician (level 8, -1/50 HPs)
             Began as a Djinni Fire Elementalist on June 18, 2023.
             Slain by a troll (13 damage)
             ... on level 5 of the Dungeon on June 19, 2023.
             The game lasted 00:19:25 (4836 turns).

AIAndy the Magician (Djinni Fire Elementalist)      Turns: 4836, Time: 00:19:26

Health: -1/50      AC:  2    Str:  7    XL:     8   Next: 20%
Gold:   168        EV: 12    Int: 26    God:
                   SH:  0    Dex: 13

rFire   + + .        i - +3 dagger
rCold   x . .        (no shield)
rNeg    + . .        a - +0 robe
rPois   ∞            (no helmet)
rElec   .            (no cloak)
rCorr   .            (no gloves)
SInv    .            (boots unavailable)
Will    .....        (no amulet)
Stlth   ++           m - ring of positive energy
HPRegen 0.28/turn    p - +6 ring of intelligence
MPRegen 0.00/turn

%: infuse magic (-2 HP)
@: flying
A: sickness immunity, fire resistance 2, cold vulnerability 1, float, innate
caster, HP casting, extra vitality 1
a: no special abilities


You were on level 5 of the Dungeon.
You visited 1 branch of the dungeon, and saw 5 of its levels.

You collected 228 gold pieces.
You spent 60 gold pieces at shops.

Inventory:

Hand Weapons
 i - a +3 dagger (weapon)
Armour
 a - a +0 robe (worn)
Jewellery
 m - a ring of positive energy (left hand)
 p - a +6 ring of intelligence (right hand)
Wands
 v - a wand of flame (9)
Scrolls
 b - 8 scrolls of identify {unknown}
 c - 2 scrolls of acquirement {unknown}
 d - 2 scrolls of enchant armour {unknown}
 e - 2 scrolls of teleportation {unknown}
 f - 3 scrolls of poison {unknown}
 g - 3 scrolls of enchant weapon {unknown}
 j - 2 scrolls of immolation {unknown}
 q - 2 scrolls of magic mapping {unknown}
 r - a scroll of fog {unknown}
 u - 3 scrolls of silence {unknown}
 w - a scroll of blinking {unknown}
Potions
 h - a potion of brilliance {unknown}
 k - 4 potions of curing {unknown}
 l - 3 potions of heal wounds
 n - a potion of lignification {unknown}
 o - 3 potions of degeneration {unknown}
 s - a potion of attraction {unknown}
 t - a potion of berserk rage {unknown}


   Skills:
 - Level 2.1 Dodging
 - Level 1.5 Stealth
 + Level 7.1 Spellcasting


You knew the following spells:

 Your Spells              Type           Power      Damage    Failure   Level
a - Foxfire               Conj/Fire      100%       2x1d9     1%          1
b - Scorch                Fire           92%        2d9       1%          2
c - Volatile Blastmotes   Fire/Tloc      92%        2d17      1%          3
d - Inner Flame           Hex/Fire       46%        N/A       1%          3
e - Flame Wave            Conj/Fire      46%        2d12      3%          4
f - Kiss of Death         Conj/Necr      100%       2d13      1%          1
g - Passwall              Tmut/Erth      38%        N/A       1%          2
h - Stone Arrow           Conj/Erth      92%        3d12      1%          3
Your spell library was empty.

Dungeon Overview and Level Annotations

Branches:
Dungeon (5/15)
 Temple: D:4-7

Altars:
Dithmenos
Fedhas
Uskayaw
Yredelemnul

Shops:
D:2 !

Annotations:
D:5 2 runed translucent doors, u553311's ghost, amateur OgCj


Innate Abilities, Weirdness & Mutations

You are immune to sickness and miasma.
You are immune to poison.
Your flesh is very heat resistant. (rF++)
You are vulnerable to cold. (rC-)
You float through the air rather than walking.
You learn spells naturally, not from books.
Your magical power is your life essence.
You have superior vitality. (+4 MHP)


Message History

There is an open door here.
Found 5 stones.
There is an open door here.
You now have 168 gold pieces (gained 15).
Found an escape hatch in the ceiling.
There is an escape hatch in the ceiling here.
An adder comes into view.
Casting: Scorch (safe; 1% risk of failure)
Confirm with . or Enter, or press ? or * to list all spells.
You conjure some foxfire!
Casting: Foxfire (safe; 1% risk of failure)
Confirm with . or Enter, or press ? or * to list all spells.
You conjure some foxfire!
Your foxfire dissipates!
A troll comes into view.
Found a stone staircase leading down.
The foxfire hits the adder!
The adder is almost dead.
The foxfire hits the adder!
You kill the adder!
Casting: Foxfire (safe; 1% risk of failure)
Confirm with . or Enter, or press ? or * to list all spells.
Flames lash the troll.
The troll shouts!
The troll is moderately wounded.
The troll's fire resistance burns away.
The foxfire hits the troll but does no damage.
The troll is moderately wounded.
Casting: Scorch (safe; 1% risk of failure)
Confirm with . or Enter, or press ? or * to list all spells.
Flames lash the troll.
The troll is burned terribly!
The troll is severely wounded.
The troll bites you! The troll barely misses you. The troll claws you.
Casting: Scorch (safe; 1% risk of failure)
Confirm with . or Enter, or press ? or * to list all spells.
Flames lash the troll.
The troll is burned terribly!
The troll is almost dead.
The troll barely misses you. The troll claws you!
* * * LOW HITPOINT WARNING * * *
The troll claws you!
You die...

##.## #.#. #.# #... #.#
###. # ##'## ## #.
##...## ###.#####
##.....## #
........###.......## ###
##...#.##.........###..
#....T@.+.........'....
#....>#.##.........###..
#.##. #.###.......## #.#
# #.####.....## #.#
#.#####.........## #.#
.........#####..# #.#
#.######.# #..# #.#
#<#####..######.#
#.##............#


You could see a troll (combustible).

Vanquished Creatures
  Sigmund (D:3)
  2 ogres
  A phantom (D:3)
  A scorpion (D:5)
  3 jellies (D:4)
  An orc priest (D:4)
  Jessica (D:2)
  2 iguanas
  4 gnolls (D:4)
  3 adders
  3 worms
  2 dart slugs
  15 orcs
  15 endoplasms
  10 goblins
  4 hobgoblins
  8 jackals
  5 quokkas
  6 ball pythons
  4 bats
  A frilled lizard (D:2)
  12 kobolds
  3 rats
107 creatures vanquished.

Vanquished Creatures (others)
  330 foxfires
330 creatures vanquished.

Grand Total: 437 creatures vanquished

Notes
Turn   | Place    | Note
-------+----------+-------------------------------------------
     0 | D:1      | AIAndy the Djinni Fire Elementalist began the quest for the
                  | Orb.
     0 | D:1      | AIAndy set off with the following spells memorised:
                  | Foxfire, Scorch, Volatile Blastmotes, Inner Flame, Flame
                  | Wave.
     0 | D:1      | Reached XP level 1. HP: 15/15 MP: 0/0
   190 | D:1      | Reached XP level 2. HP: 19/21 MP: 0/0
   231 | D:1      | Reached skill level 3 in Spellcasting
   504 | D:1      | Reached XP level 3. HP: 20/25 MP: 0/0
   504 | D:1      | Learned a level 1 spell: Kiss of Death
   683 | D:1      | Found a faded altar of an unknown god.
  1101 | D:2      | Found Tufik's Distillery.
  1126 | D:2      | Bought a potion of heal wounds for 60 gold pieces
  1237 | D:2      | Noticed Jessica
  1241 | D:2      | Killed Jessica
  1242 | D:2      | Reached XP level 4. HP: 29/31 MP: 0/0
  1246 | D:2      | Reached skill level 4 in Spellcasting
  1727 | D:3      | Found a hide-covered altar of Uskayaw.
  1734 | D:3      | You are sucked into a shaft and drop 1 floor!
  1739 | D:4      | Reached XP level 5. HP: 34/35 MP: 0/0
  1739 | D:4      | Learned a level 2 spell: Passwall
  2255 | D:4      | Reached XP level 6. HP: 35/40 MP: 0/0
  2289 | D:4      | Noticed an ogre
  2294 | D:4      | Killed an ogre
  2295 | D:4      | Reached skill level 5 in Spellcasting
  3098 | D:4      | Reached XP level 7. HP: 7/45 MP: 0/0
  3098 | D:4      | Learned a level 3 spell: Stone Arrow
  3491 | D:3      | Found a blossoming altar of Fedhas.
  3704 | D:3      | Reached skill level 6 in Spellcasting
  3747 | D:3      | Noticed Sigmund
  3762 | D:3      | Killed Sigmund
  3918 | D:3      | Found a shadowy altar of Dithmenos.
  4075 | D:5      | Entered Level 5 of the Dungeon
  4098 | D:5      | Reached XP level 8. HP: 39/50 MP: 0/0
  4199 | D:5      | Found a basalt altar of Yredelemnul.
  4208 | D:5      | Reached skill level 7 in Spellcasting
  4578 | D:5      | Found a runed translucent door.
  4588 | D:5      | Noticed u553311's ghost (amateur OgCj)
  4604 | D:5      | Found a runed translucent door.
  4833 | D:5      | Noticed a troll
  4836 | D:5      | Slain by a troll

Illustrated notes

Levels and vault maps discovered:
D:1:      evilmike_arrival_plus, layout_basic, serial_aquarium,
          aquarium_bridge_square [aquarium_subvault_bridge,
          aquarium_subvault_bridge, aquarium_subvault_wall,
          aquarium_subvault_wall], aquarium_window_3, aquarium_window_1,
          aquarium_view_2a, aquarium_view_2c, aquarium_balcony_5b,
          basic_ecumenical_altar
D:2:      layout_basic, serial_shops, shop, uniq_jessica
D:3:      layout_loops_ring, mainiacjoe_overflow_concentric_impassable,
          old_standard_altar, lemuel_crystal_altar, uniq_sigmund
D:4:      cheibrodos_fertilizer, layout_layer_cave
D:5:      layout_loops_corners, overflow_temple_1_default,
          overflow_temple_1_default, ebering_ghost_sewer_f, minmay_crystal_room,
          corexii_item_surrounded_by_moat

Skill      XL: |  1  2  3  4  5  6  7  8 |
---------------+-------------------------+-----
Spellcasting   | 3 4 5 6 7 |  7.1
Dodging        | |  2.1
Stealth        | |  1.5

Action                     |  1- 3 |  4- 6 |  7- 9 || total
---------------------------+-------+-------+-------++-------
  Melee: Unarmed           |     2 |       |       ||     2
   Cast: Foxfire           |    68 |    87 |    54 ||   209
         Flame Wave        |       |     1 |       ||     1
         Volatile Blastmot |       |     1 |       ||     1
         Scorch            |       |       |    16 ||    16
 Armour: Robe              |     5 |     3 |     2 ||    10
  Dodge: Dodged            |    20 |     8 |     6 ||    34
